 Dungeon Crawl Stone Soup version 0.18-a0-1481-g708b138 (webtiles) character file.

35 SlimeFever the Magician (level 3, 0/24 HPs)
             Began as a Human Wizard on Feb 27, 2016.
             Succumbed to an adder's poison
             ... on level 2 of the Dungeon on Mar 2, 2016.
             The game lasted 00:11:15 (1194 turns).

SlimeFever the Magician (Human Wizard)              Turns: 1194, Time: 00:11:15

Health: 0/24       AC:  2    Str: 12    XL:     3   Next: 55%
Magic:  1/8        EV: 12    Int: 19    God:
Gold:   65         SH:  0    Dex: 11    Spells: 2 memorised, 6 levels left

rFire  . . .     SeeInvis +     n - +0 short sword
rCold  . . .     Gourm    .     a - +0 robe
rNeg   . . .     Faith    .     (no shield)
rPois  .         Spirit   .     b - +0 hat
rElec  .         Dismiss  .     (no cloak)
rCorr  .         Reflect  .     (no gloves)
SustAt .         Harm     .     (no boots)
MR     .....                    (no amulet)
Stlth  ++........               (no ring)
                                e - ring of see invisible

@: mighty, lethally poisoned (0 -> -12), very slightly contaminated, not
resistant to hostile enchantments, unstealthy
A: no striking features
a: no special abilities


You were on level 2 of the Dungeon.
You were very hungry.

You visited 1 branch of the dungeon, and saw 2 of its levels.

You collected 65 gold pieces.

Inventory:

Hand Weapons
 n - a +0 short sword (weapon)
Missiles
 i - 14 bolts
 k - 11 stones (quivered)
 m - 14 poisoned needles
Armour
 a - a +0 robe (worn)
 b - a +0 hat (worn)
Jewellery
 e - a ring of see invisible (left hand)
Scrolls
 f - a scroll of identify
Potions
 g - a potion of berserk rage
Books
 c - a book of Minor Magic

   Spells                             Type                      Level
   a - Magic Dart                     Conjuration                  1
   b - Blink                          Translocation                2
   c - Call Imp                       Summoning                    2
   d - Repel Missiles                 Charms/Air                   2
   e - Slow                           Hexes                        2
   f - Conjure Flame                  Conjuration/Fire             3
   g - Mephitic Cloud                 Conjuration/Poison/Air       3
Comestibles
 d - a bread ration
 h - a royal jelly
 l - a slice of pizza


   Skills:
 + Level 2.4 Dodging
 + Level 2.1 Stealth
 + Level 3.7 Spellcasting
 + Level 1.2 Conjurations
 + Level 1.0 Summonings
   Level 1.0 Translocations


You had 6 spell levels left.
You knew the following spells:

 Your Spells              Type           Power        Failure   Level  Hunger
a - Magic Dart            Conj           #...         10%         1    None
b - Call Imp              Summ           #.......     17%         2    ##.....


Dungeon Overview and Level Annotations

Branches:
Dungeon (2/15)

Altars:
Zin


Message History

The adder poisons you!
You closely miss the adder.
You feel sick. The adder bites you but does no damage. The adder bites you.
* * * LOW HITPOINT WARNING * * *
You are more poisoned.
The adder poisons you!
You're too hungry to go berserk.
Drink which item? (? for menu, Esc to quit)
You feel very mighty all of a sudden. The adder bites you.
* * * LOW HITPOINT WARNING * * *
You are more poisoned.
The adder poisons you!
You hit the adder.
The adder is heavily wounded.
* * * LOW HITPOINT WARNING * * *
You feel sick. The adder misses you.
You puncture the adder!
You kill the adder!
You die...

###.# ##.##
#...# #...#
#...# ##.## .
#.#
Ps..########.#
.........†@..#
P..###########


There were no monsters in sight!

Vanquished Creatures
  An adder (D:2)
  A dart slug (D:1)
  A giant gecko (D:1)
  A ball python (D:1)
  A bat (D:1)
  3 giant cockroaches (D:2)
  2 goblins (D:1)
  3 hobgoblins
  A kobold (D:1)
  A quokka (D:2)
  2 giant newts (D:1)
  2 rats (D:1)
19 creatures vanquished.

Vanquished Creatures (collateral kills)
  A dart slug (D:1)
1 creature vanquished.

Grand Total: 20 creatures vanquished

Notes
Turn   | Place    | Note
--------------------------------------------------------------
     0 | D:1      | SlimeFever the Human Wizard began the quest for the Orb.
     0 | D:1      | Reached XP level 1. HP: 13/13 MP: 4/4
   158 | D:1      | Reached XP level 2. HP: 14/19 MP: 0/6
   308 | D:1      | Learned a level 2 spell: Call Imp
   857 | D:2      | Found a glowing silver altar of Zin.
   866 | D:2      | Reached XP level 3. HP: 20/24 MP: 5/8
   873 | D:2      | Upgraded the game from 0.18-a0-1426-g3b9a63c to 0.18-a0-1481-g708b138
  1193 | D:2      | HP: 1/24 [poisoned by an adder]
  1194 | D:2      | Succumbed to an adder's poison

Vault maps used:
D:1:      kilobyte_arrival_exit_the_forest
D:2:      marbit_many_paths, lightli_temple_of_fire, overflow_temple_1_default,
          yredelemnul_altar_generic, uniq_iyjb

Action                   || total
-------------------------++-------
Melee: Unarmed           ||     4
       Club              ||     8
       Mace              ||    14
       Short sword       ||    17
 Cast: Magic Dart        ||    36
       Call Imp          ||     6
  Use: Scroll            ||     4
       Potion            ||     1
